Map: Iron Fortress LE (Void)

Players

HSW - Winner!

  • Race: Zerg Zerg
  • League: Grandmaster

Javert

  • Race: Zerg Zerg
  • League: Grandmaster

VOD

Have the link to the VOD?

Description

Time

  • Played on: July 12, 2015, 12:32 a.m.
  • Length: 8:02
Show
View Real Time Build Order
Export as new Build Order

HSW Zerg - Winner!

Build Orders: Hatch First 

Get SALT Encoding   

  12  0:01  Drone  
  13  0:08  Drone  
  14  0:16  Overlord  
  14  0:35  Drone x3  
  17  0:46  Drone  
  18  0:56  Hatchery  
  17  0:58  Drone  
  18  1:04  Extractor  
  18  1:08  Drone  
  18  1:16  Spawning Pool  
  17  1:22  Drone  
  18  1:29  Drone  
  19  1:40  Drone  
  20  1:52  Overlord  
  20  2:03  Queen  
  22  2:12  Zergling x4  
  24  2:18  Metabolic Boost, Zergling x2  
  25  2:26  Baneling Nest  
  25  2:28  Zergling x4  
  26  2:30  Zergling x2  
  26  2:37  Queen  
  27  2:39  Queen  
  27  2:41  Zergling x4  
  32  2:54  Zergling x2  
  32  2:55  Zergling x2  
  34  3:01  Zergling x2  
  35  3:06  Overlord  
  35  3:17  Overlord  
  35  3:27  Zergling x2  
  35  3:28  Zergling x10  
  41  3:39  Baneling  
  40  3:51  Baneling  
  40  3:52  Baneling x2  
  40  3:54  Zergling x2  
  40  3:55  Zergling x12  
  41  4:15  Drone  
  41  4:16  Drone x5  
  42  4:31  Zergling x8  
  42  4:32  Zergling x6  
  40  4:48  Baneling x2  
  40  4:49  Zergling x8  
  43  4:56  Zergling x4  
  45  5:13  Roach Warren  
  39  5:16  Zergling x8  
  40  5:24  Drone x7  
  47  5:32  Zergling x6  
  50  5:42  Drone x2  
  51  5:51  Overlord  
  51  5:56  Overlord  
  51  6:10  Roach x4  
  59  6:15  Lair  
  59  6:16  Roach x4  
  67  6:27  Overlord  
  67  6:30  Overlord  
  67  6:34  Extractor  
  67  6:35  Drone x2, Extractor  
  67  6:44  Overlord  
  67  6:47  Roach x4, Extractor  
  69  6:48  Roach  
  76  6:58  Roach x3  
  82  7:10  Roach x4  
  82  7:12  Drone, Overlord  
  91  7:43  Overlord, Roach x6  
  99  7:44  Drone  
Show
View Real Time Build Order
Export as new Build Order

Javert Zerg 

Build Orders: Hatch First, Zergling Baneling 

Get SALT Encoding   

  12  0:02  Drone  
  13  0:12  Overlord  
  13  0:17  Drone  
  14  0:30  Drone  
  14  0:31  Drone  
  16  0:51  Hatchery  
  16  0:54  Extractor  
  14  0:57  Drone  
  14  0:58  Drone  
  16  1:20  Spawning Pool  
  16  1:23  Drone x3  
  18  1:35  Drone  
  19  1:54  Drone  
  19  1:56  Drone  
  21  2:06  Metabolic Boost  
  21  2:07  Queen  
  21  2:08  Queen  
  23  2:10  Zergling x4  
  27  2:16  Overlord  
  27  2:31  Drone  
  27  2:36  Drone  
  27  2:37  Drone x2  
  31  2:59  Baneling Nest  
  31  3:00  Zergling x6  
  31  3:04  Overlord  
  33  3:13  Spine Crawler  
  32  3:24  Spine Crawler  
  32  3:26  Zergling x8  
  32  3:27  Zergling x6  
  37  3:32  Queen  
  40  3:36  Overlord  
  40  3:44  Baneling  
  40  3:45  Baneling  
  37  3:53  Zergling x2  
  37  3:54  Zergling x10  
  41  4:16  Baneling x6  
  36  4:27  Queen  
  29  4:45  Zergling x12  
  34  4:46  Zergling x2  
  36  5:01  Baneling  
  36  5:03  Zergling x6  
  36  5:04  Zergling x4  
  36  5:18  Drone x7  
  33  5:41  Zergling x4  
  33  5:42  Zergling x4  
  36  5:44  Lair  
  36  5:49  Drone x4  
  40  5:50  Drone  
  40  5:56  Extractor  
  40  6:10  Drone  
  40  6:11  Drone x5  
  46  6:22  Drone x3, Extractor  
  46  6:23  Extractor  
  47  6:29  Baneling x3  
  47  6:40  Overlord x2  
  47  6:50  Drone x5, Overlord  
  52  6:57  Spire  
  52  6:59  Drone x2  
  53  7:22  Drone x9  
  61  7:29  Spine Crawler  
  56  7:30  Overlord, Spine Crawler x2  
  56  7:31  Spine Crawler  
Tags
 
Add a new tag
Caveats
  • Supply blocks, unpowered buildings, or Contaminate may cause inaccurate times.
  • Supply counts are checked every 10 seconds.